 Dungeon Crawl Stone Soup version 0.22-a0-398-g8bb545f (webtiles) character file.

1372 zero the Digger (level 8, -4/67 HPs)
             Began as a Troll Earth Elementalist on May 4, 2018.
             Was a Follower of Vehumet.
             Slain by a gnoll
             ... wielding a +0 flail
              (11 damage)
             ... on level 4 of the Dungeon.
             The game lasted 00:08:17 (4321 turns).

zero the Digger (Troll Earth Elementalist)          Turns: 4321, Time: 00:08:18

Health: -4/67      AC:  6    Str: 17    XL:     8   Next: 38%
Magic:  8/11       EV: 10    Int: 13    God:    Vehumet [*.....]
Gold:   300        SH:  0    Dex: 10    Spells: 4/13 levels left

rFire    . . .     SeeInvis .     - Unarmed
rCold    + . .     Gourm    +   (no shield)
rNeg     . . .     Faith    .   c - +1 robe
rPois    .         Spirit   .   (helmet restricted)
rElec    .         Reflect  .   (no cloak)
rCorr    .         Harm     .   (gloves unavailable)
MR       .....                  (boots unavailable)
Stlth    +.........             (no amulet)
HPRegen  0.61/turn              l - ring of protection from cold
MPRegen  0.12/turn              (no ring)

@: no status effects
A: large, unfitting armour, claws 3, fast metabolism 3, gourmand, regeneration
1, shaggy fur 1, tough skin 2
a: Renounce Religion


You were on level 4 of the Dungeon.
You worshipped Vehumet.
Vehumet was aware of your devotion.
You were not hungry.

You visited 2 branches of the dungeon, and saw 7 of its levels.

You collected 300 gold pieces.

Inventory:

Missiles
 b - 115 stones (quivered)
Armour
 c - a +1 robe (worn)
Jewellery
 l - a ring of protection from cold (left claw)
Wands
 s - a wand of enslavement (12)
 u - a wand of flame (35)
 v - a wand of clouds (6)
 y - a wand of polymorph (20)
Scrolls
 a - 4 scrolls of remove curse
 e - 5 scrolls of fog
 g - 2 scrolls of amnesia
 j - 2 scrolls of teleportation
 n - a scroll of blinking
 p - a scroll of enchant armour
Potions
 f - a potion of brilliance {unknown}
 i - 2 potions of haste
 k - a potion of resistance
 m - a potion of ambrosia
 q - a potion of curing
 r - a potion of cancellation
 x - a potion of agility
 A - a potion of lignification
Comestibles
 d - 15 rations


   Skills:
 - Level 1.5 Dodging
 - Level 1.0 Stealth
 - Level 4.1 Unarmed Combat
 - Level 3.0 Spellcasting
 - Level 3.0 Conjurations
   Level 0.6 Transmutations
 + Level 7.0 Earth Magic


You had 4 spell levels left.
You knew the following spells:

 Your Spells              Type           Power        Failure   Level  Hunger
a - Sandblast             Erth           ###...       1%          1    #......
b - Stone Arrow           Conj/Erth      ###...       9%          3    ###....
c - Lee's Rapid Deconstr  Erth           ###.......   34%         5    ######.


Dungeon Overview and Level Annotations

Branches:
Dungeon (6/15)             Temple (1/1) D:4

Altars:
Ashenzari
Cheibriados
Elyvilon
Gozag
Hepliaklqana
Kikubaaqudgha
Nemelex Xobeh
Qazlal
Sif Muna
Trog
Uskayaw
Vehumet
Xom
Yredelemnul
Zin
The Shining One


Innate Abilities, Weirdness & Mutations

You are too large for most types of armour.
You have claws for hands.
Your metabolism is lightning-fast.
You like to eat raw meat.
Your natural rate of healing is unusually fast.
You are covered in fur. (AC +1)
You have very tough skin. (AC +2)


Message History

* * * LOW HITPOINT WARNING * * *
You climb upwards.
There is a stone staircase leading down here.
You feel much better.
The gnoll sergeant hits you with a spear.
* * * LOW HITPOINT WARNING * * *
The gnoll hits you with a flail!
* * * LOW HITPOINT WARNING * * *
Casting: Sandblast (safe; 1% risk of failure)
Confirm with . or Enter, or press ? or * to list all spells.
Aiming: Sandblast (safe; 1% risk of failure)
Press: ? - help, Shift-Dir - straight line, f - gnoll sergeant
Aim: a gnoll sergeant, wielding a spear and wearing a ring mail (severely wounded)
The blast of sand hits the gnoll sergeant.
The gnoll sergeant is severely wounded.
b - 115 stones The gnoll sergeant hits you with a spear.
* * * LOW HITPOINT WARNING * * *
The gnoll hits you with a flail!
You die...

##### ....#
###.###################
#................[..#
###############.####.#
##........## #####
#.###########
......<....#
###@####............
)..######..#
#8g.g8#######.#####.
...##
#..###.....######...# #.
....##
#...#8.....8#.......# #.
.....#
##.###.....######...####.
....## #.# #8...8#
#........... ...## #.#
#.....# #.########## ...#
#.# 8.....8 #.#### ...#
#.###.....###....#


You could see a gnoll sergeant and a gnoll.

Vanquished Creatures
  A hippogriff (D:6)
  2 ogres
  2 centaurs (D:5)
  A bullfrog (D:4)
  2 scorpions (D:4)
  A crimson imp (D:5)
  An iguana (D:4)
  A bullfrog skeleton (D:4)
  4 worker ants
  A hound skeleton (D:4)
  9 adders
  An ooze (D:2)
  An adder skeleton (D:3)
  4 worms
  2 dart slugs
  6 leopard geckos
  5 orcs
  8 bats
  7 giant cockroaches
  20 goblins
  12 hobgoblins
  6 jackals
  2 quokkas (D:4)
  3 ball pythons
  4 frilled lizards
  8 kobolds
  A leopard gecko skeleton (D:5)
  A quokka zombie (D:5)
  9 rats
125 creatures vanquished.

Vanquished Creatures (collateral kills)
  The ghost of VDreamerV the Changer, a novice OpTm (D:5)
1 creature vanquished.

Grand Total: 126 creatures vanquished

Notes
Turn   | Place    | Note
-------+----------+-------------------------------------------
     0 | D:1      | zero the Troll Earth Elementalist began the quest for the Orb.
     0 | D:1      | Reached XP level 1. HP: 16/16 MP: 1/1
   100 | D:2      | Reached XP level 2. HP: 24/24 MP: 3/3
   110 | D:1      | Reached skill level 1 in Unarmed Combat
   110 | D:1      | Reached skill level 3 in Earth Magic
   163 | D:1      | Found a glowing silver altar of Zin.
   419 | D:1      | Reached XP level 3. HP: 31/31 MP: 4/4
   887 | D:1      | Reached XP level 4. HP: 36/39 MP: 5/5
  1529 | D:2      | Found a hide-covered altar of Uskayaw.
  1529 | D:2      | Found an opulent altar of Gozag.
  1591 | D:2      | Reached XP level 5. HP: 33/45 MP: 7/7
  1729 | D:4      | Found a sparkling altar of Nemelex Xobeh.
  1947 | D:3      | Reached skill level 4 in Earth Magic
  2001 | D:3      | Learned a level 3 spell: Stone Arrow
  2147 | D:3      | Found a basalt altar of Yredelemnul.
  2427 | D:4      | Reached XP level 6. HP: 49/53 MP: 8/8
  2578 | D:4      | Found a staircase to the Ecumenical Temple.
  2587 | Temple   | Entered the Ecumenical Temple
  2615 | Temple   | Became a worshipper of Vehumet
  2740 | D:4      | Found a stormy altar of Qazlal.
  2844 | D:4      | Found a hazy altar of Hepliaklqana.
  2919 | D:4      | HP: 2/53 [scorpion (1)]
  3067 | D:4      | Reached skill level 1 in Conjurations
  3069 | D:4      | Reached XP level 7. HP: 55/59 MP: 10/10
  3144 | D:5      | Entered Level 5 of the Dungeon
  3176 | D:5      | Noticed VDreamerV's ghost (novice OpTm)
  3409 | D:5      | Reached skill level 5 in Earth Magic
  3475 | D:5      | Killed VDreamerV's ghost
  3475 | D:5      | Reached * piety under Vehumet
  3475 | D:5      | Offered knowledge of Magic Dart by Vehumet.
  3475 | D:5      | Reached XP level 8. HP: 67/67 MP: 9/11
  3550 | D:5      | Reached skill level 6 in Earth Magic
  3628 | D:5      | Found a shimmering altar of Xom.
  3807 | D:5      | Found an ancient bone altar of Kikubaaqudgha.
  3808 | D:5      | Found a snail-covered altar of Cheibriados.
  3894 | D:6      | Noticed a hippogriff
  3908 | D:6      | Killed a hippogriff
  4022 | D:6      | Reached skill level 7 in Earth Magic
  4031 | D:6      | Learned a level 5 spell: Lee's Rapid Deconstruction
  4318 | D:5      | HP: 3/67 [gnoll sergeant/spear (10)]
  4318 | D:5      | HP: 1/67 [gnoll/spear (2)]
  4321 | D:4      | Slain by a gnoll

Vault maps used:
D:1:      dpeg_arrival_shrine, minmay_misc_feat_iff, minmay_misc_feat_square,
          minmay_hexomino_r4
D:2:      kennysheep_six_static_rooms, gammafunk_temple_overflow_pools,
          lemuel_doored_altar
D:3:      marbit_many_paths, minivault_19, hex_tiny
D:4:      nicolae_overflow_hidden_temple, nemelex_xobeh_ov_fountains_minmay,
          lemuel_crystal_altar, minmay_temple_entry_enclosed_plants,
          first_ration, minmay_ogre_servants
D:5:      gammafunk_temple_overflow_statue, kennysheep_mini
Temple:   compressed_dpeg_triangle_lava_temple

Skill      XL: |  1  2  3  4  5  6  7  8 |
---------------+-------------------------+-----
Unarmed Combat | 1 2 3 4 |  4.1
Earth Magic    | 3 4 5 7 |  7.0
Spellcasting   | 2 3 |  3.0
Conjurations   | 1 2 3 |  3.0
Dodging        | |  1.5
Stealth        | |  1.0
Transmutations | |  0.6

Action                   |  1- 3 |  4- 6 |  7- 9 || total
-------------------------+-------+-------+-------++-------
Melee: Unarmed           |    92 |   241 |    84 ||   417
       Punch             |       |     2 |     3 ||     5
 Cast: Sandblast         |     1 |     3 |    14 ||    18
       Stone Arrow       |       |       |     1 ||     1
  Use: Potion            |       |     1 |     1 ||     2
       Scroll            |       |       |    19 ||    19
 Stab: Sleeping          |       |     4 |       ||     4
  Eat: Chunk             |    14 |    19 |     6 ||    39
Armor: Robe              |    40 |    62 |    64 ||   166
Dodge: Dodged            |    47 |   129 |    97 ||   273

Table legend:
 A = Spawn XP
 B = Non-spawn XP
 C = Spawn XP percentage of total XP
 D = Spawn monster count
 E = Non-spawn monster count
 F = Spawn count percentage of total count
 G = Total turns spent on level
                    A         B        C        D         E        F      G
               +---------+---------+-------+---------+---------+-------+---------
         Total |       0 |    1960 |   0.0 |       0 |     126 |   0.0 |  4321
               +---------+---------+-------+---------+---------+-------+---------
           D:1 |       0 |      58 |   0.0 |       0 |      34 |   0.0 |   954
           D:2 |       0 |     153 |   0.0 |       0 |      27 |   0.0 |   741
           D:3 |       0 |      57 |   0.0 |       0 |      22 |   0.0 |   573
           D:4 |       0 |     573 |   0.0 |       0 |      29 |   0.0 |   953
           D:5 |       0 |     854 |   0.0 |       0 |      11 |   0.0 |   899
           D:6 |       0 |     265 |   0.0 |       0 |       3 |   0.0 |   161
               +---------+---------+-------+---------+---------+-------+---------
